 Dungeon Crawl Stone Soup version 0.20-a0-502-g555d78b (webtiles) character file.

109 kae the Covered (level 4, -3/41 HPs)
             Began as a Minotaur Fighter on Jan 20, 2017.
             Slain by a worm (4 damage)
             ... on level 2 of the Dungeon.
             The game lasted 00:00:29 (717 turns).

kae the Covered (Minotaur Fighter)                   Turns: 717, Time: 00:00:30

Health: -3/41      AC:  7    Str: 21    XL:     4   Next: 60%
Magic:  3/3        EV:  7    Int:  5    God:
Gold:   83         SH:  9    Dex: 10    Spells: 3/3 levels left

rFire    . . .     SeeInvis .   a - +0 long sword
rCold    . . .     Gourm    .   b - +0 scale mail
rNeg     . . .     Faith    .   c - +0 shield
rPois    .         Spirit   .   (helmet restricted)
rElec    .         Reflect  .   (no cloak)
rCorr    .         Harm     .   (no gloves)
MR       .....                  (no boots)
Stlth    ..........             (no amulet)
Regen    0.2/turn               (no ring)
                                (no ring)

@: lethally poisoned (-3 -> -4)
A: retaliatory headbutt, horns 2
a: no special abilities


You were on level 2 of the Dungeon.
You were not hungry.

You visited 1 branch of the dungeon, and saw 2 of its levels.

You collected 83 gold pieces.

Inventory:

Hand Weapons
 a - a +0 long sword (weapon)
Armour
 b - a +0 scale mail (worn)
 c - a +0 shield (worn)
Jewellery
 j - an uncursed ring of resist corrosion {unknown}
Scrolls
 e - 2 scrolls of identify {unknown}
 g - a scroll of enchant armour {unknown}
 h - a scroll of amnesia {unknown}
 i - a scroll of magic mapping {unknown}
Potions
 d - a potion of might
 k - a potion of lignification {unknown}
 m - a potion of flight {unknown}
 n - a potion of haste {unknown}
Comestibles
 f - a bread ration
 l - a royal jelly


   Skills:
 + Level 4.5 Fighting
 * Level 4.3 Long Blades
 + Level 4.6 Armour
 - Level 3.6 Shields


You had 3 spell levels left.
You didn't know any spells.

Dungeon Overview and Level Annotations

Branches:
Dungeon (2/15)

Altars:


Innate Abilities, Weirdness & Mutations

You reflexively headbutt those who attack you in melee.
You have a pair of horns on your head.


Message History

The jackal is severely wounded.
You feel sick. You block the jackal's attack. The jackal barely misses you.
You riposte.
You slash the jackal!
You kill the jackal!
You hit the worm.
The worm is lightly wounded.
The worm bites you.
* * * LOW HITPOINT WARNING * * *
You barely miss the worm. The worm bites you.
* * * LOW HITPOINT WARNING * * *
You hit the worm but do no damage.
You feel sick.
You barely miss the worm. The worm barely misses you.
You hit the worm.
The worm is lightly wounded.
The worm bites you!
* * * LOW HITPOINT WARNING * * *
You barely miss the worm.
The worm is lightly wounded.
The worm bites you.
You die...

##.... ... ##... #..
####.# #.. ..#####....#
#.. .......>#### #..
..####..### #####..
...........#
.......#####.######..#.##
......†w@....# #......#
#########.#..#####...#..#
#.#..#.......#..#
######...........)...#
#...........####..#..#
#.####....#.##.......# #
#.)..#.##.#####.#
####.####....#.##.# .#
..................# .#


You could see a worm.

Vanquished Creatures
  Natasha (D:2)
  Terence (D:2)
  2 adders (D:2)
  2 dart slugs (D:1)
  A leopard gecko (D:2)
  A giant cockroach (D:2)
  7 goblins
  4 hobgoblins
  4 jackals (D:2)
  2 kobolds
  6 bats
  2 frilled lizards
  4 rats
37 creatures vanquished.

Notes
Turn   | Place    | Note
-------+----------+-------------------------------------------
     0 | D:1      | kae the Minotaur Fighter began the quest for the Orb.
     0 | D:1      | Reached XP level 1. HP: 19/19 MP: 0/0
   128 | D:1      | Reached XP level 2. HP: 27/27 MP: 1/1
   632 | D:2      | Noticed Terence
   635 | D:2      | Reached XP level 3. HP: 30/33 MP: 2/2
   652 | D:2      | Killed Terence
   673 | D:2      | Reached XP level 4. HP: 35/41 MP: 3/3
   688 | D:2      | Noticed Natasha
   703 | D:2      | Killed Natasha
   716 | D:2      | HP: 1/41 [worm (9)]
   717 | D:2      | Slain by a worm

Vault maps used:
D:1:      minmay_arrival_stair_chambers, kennysheep_another_room,
          minmay_misc_feat_tiny, corner_web_ring
D:2:      kennysheep_goblin_castle, uniq_natasha, uniq_terence

Skill      XL: |  1  2  3  4 |
---------------+-------------+-----
Fighting       | 4 |  4.5
Armour         | 4 |  4.6
Long Blades    | 3 4 |  4.3
Shields        | |  3.6

Action                   |  1- 3 |  4- 6 || total
-------------------------+-------+-------++-------
Melee: Long sword        |    72 |    27 ||    99
       Headbutt          |     6 |     5 ||    11
Armor: Scale mail        |    31 |    11 ||    42
Dodge: Dodged            |    11 |    13 ||    24
Block: Shield            |    31 |    15 ||    46
       Rpst.: Long sword |     5 |     5 ||    10
